 Dungeon Crawl Stone Soup version 0.25.0-41-g26779e291d (webtiles) character file.

Game seed: 10454762573056254604

302 Ethylacetat the Firebug (level 6, -3/36 HPs)
             Began as an Octopode Fire Elementalist on July 10, 2020.
             Slain by an iron imp (9 damage)
             ... on level 5 of the Dungeon.
             The game lasted 00:10:40 (3475 turns).

Ethylacetat the Firebug (OpFE)                      Turns: 3475, Time: 00:10:41

Health: -3/36      AC:  1    Str:  7    XL:     6   Next: 37%
Magic:  1/19       EV: 13    Int: 19    God:
Gold:   114        SH:  0    Dex: 13    Spells: 10/11 levels left

rFire    . . .     SeeInvis .   (no weapon)
rCold    . . .     Gourm    .   (no shield)
rNeg     . . .     Faith    .   (helmet restricted)
rPois    .         Spirit   .   (no amulet)
rElec    .         Reflect  .   k - ring of protection from magic
rCorr    .         Harm     .   m - ring of magical power
MR       +....                  (no ring)
Stlth    +++.......             (no ring)
HPRegen  0.12/turn              (no ring)
MPRegen  0.16/turn              (no ring)
                                (no ring)
                                (no ring)

@: no status effects
A: almost no armour, stealthy swim, amphibious, 8 rings, constrict 8, camouflage
1, gelatinous body 1
a: no special abilities


You were on level 5 of the Dungeon.
You were hungry.

You visited 1 branch of the dungeon, and saw 5 of its levels.

You collected 114 gold pieces.

Inventory:

Jewellery
 k - a ring of protection from magic (left tentacle)
 m - a ring of magical power (right tentacle)
Scrolls
 d - a scroll of immolation {unknown}
 h - a scroll of blinking {unknown}
 i - a scroll of magic mapping {unknown}
 j - 2 scrolls of identify {unknown}
 n - a scroll of amnesia {unknown}
 o - a scroll of random uselessness {unknown}
Potions
 c - a potion of ambrosia {unknown}
 e - a potion of degeneration {unknown}
 f - 2 potions of heal wounds {unknown}
 g - 3 potions of curing {unknown}
 l - 2 potions of cancellation {unknown}
Comestibles
 a - 6 chunks of flesh
 b - 2 rations


   Skills:
 - Level 2.0 Dodging
 - Level 2.6 Stealth
 + Level 3.1 Spellcasting
 * Level 3.9 Conjurations
 * Level 5.0 Fire Magic


You had 10 spell levels left.
You knew the following spells:

 Your Spells              Type           Power        Failure   Level  Hunger
a - Foxfire               Conj/Fire      ###.         2%          1    None

Your spell library contained the following spells:

 Spells                   Type           Power        Failure   Level  Hunger
 Conjure Flame            Conj/Fire      ###.....     7%          3    ###....
 Inner Flame              Hex/Fire       ##......     16%         3    ###....
 Sticky Flame             Conj/Fire      ###.....     24%         4    ####...
 Fireball                 Conj/Fire      ###.......   54%         5    ######.


Dungeon Overview and Level Annotations

Branches:
Dungeon (6/15)
 Temple: D:4-7

Altars:
Cheibriados


Innate Abilities, Weirdness & Mutations

You cannot wear most types of armour.
You are very stealthy in the water. (Stealth+)
You are amphibious.
You can wear up to eight rings at the same time.
You can use your tentacles to constrict eight enemies at once.
Your skin changes colour to match your surroundings (Stealth+).
Your rubbery body absorbs attacks. (AC +1, EV +1)


Message History

Casting: Foxfire (safe; 2% risk of failure)
Confirm with . or Enter, or press ? or * to list all spells.
You don't have enough magic to cast that spell.
The foxfire hits the iron imp but does no damage.
The foxfire hits the iron imp.
The iron imp completely resists.
You closely miss the iron imp. You grab the iron imp.
You constrict the iron imp. The iron imp hits you!
* * * LOW HITPOINT WARNING * * *
You tentacle-slap the iron imp.
The iron imp is lightly wounded.
You constrict the iron imp, but do no damage.
The iron imp barely misses you.
You tentacle-slap the iron imp but do no damage.
The iron imp is lightly wounded.
You constrict the iron imp. The iron imp barely misses you.
You tentacle-slap the iron imp.
The iron imp is moderately wounded.
You hear the slow rusting of a very distant drain.
You constrict the iron imp. The iron imp hits you!
You die...

### ..# .
#####.#
...###..##.#
......5..#.#
.......@...#
_..........#
...........#
.........#.#
....###<.##.#
.... #.###.#
... ## #.#
..# #.# #.#
#.#


You could see an iron imp.

Vanquished Creatures
  An ogre (D:3)
  An iguana (D:6)
  2 worker ants (D:6)
  6 adders (D:2)
  An ooze (D:2)
  4 worms
  5 dart slugs
  4 leopard geckos
  2 orcs (D:6)
  2 ball pythons (D:1)
  7 bats
  A giant cockroach (D:2)
  2 goblins (D:1)
  5 hobgoblins
  5 jackals
  8 kobolds
  2 quokkas
  3 frilled lizards
  A quokka zombie (D:5)
  8 rats
70 creatures vanquished.

Vanquished Creatures (collateral kills)
  A rat (D:1)
1 creature vanquished.

Vanquished Creatures (others)
  291 foxfires
291 creatures vanquished.

Grand Total: 362 creatures vanquished

Notes
Turn   | Place    | Note
-------+----------+-------------------------------------------
     0 | D:1      | Ethylacetat the Octopode Fire Elementalist began the quest
                  | for the Orb.
     0 | D:1      | Reached XP level 1. HP: 11/11 MP: 3/3
   150 | D:1      | Reached XP level 2. HP: 17/17 MP: 1/5
   724 | D:1      | Reached XP level 3. HP: 21/21 MP: 3/6
  1649 | D:2      | Reached XP level 4. HP: 27/27 MP: 5/7
  1881 | D:2      | Reached skill level 4 in Fire Magic
  2447 | D:2      | Reached XP level 5. HP: 23/31 MP: 8/8
  2664 | D:3      | Noticed an ogre
  2671 | D:3      | Killed an ogre
  2919 | D:3      | You fall into a shaft and drop 3 floors!
  2953 | D:6      | Reached XP level 6. HP: 14/36 MP: 9/10
  3373 | D:6      | Noticed an orc warrior
  3425 | D:5      | Entered Level 5 of the Dungeon
  3431 | D:5      | Reached skill level 5 in Fire Magic
  3462 | D:5      | Found a snail-covered altar of Cheibriados.
  3475 | D:5      | Slain by an iron imp

Illustrated notes

Levels and vault maps discovered:
D:1:      evilmike_arrival_crescent, layout_loops_corners
D:2:      layout_basic, first_ration
D:3:      minmay_door_path, layout_basic, nicolae_overflow_hidden_temple
D:5:      layout_loops_ring, nemelex_xobeh_ov_fountains_minmay, slow_altar_1,
          basic_altar, portal_sewer_entry_b, uniq_edmund
D:6:      layout_loops_ring, serial_shops, shop

Skill      XL: |  1  2  3  4  5  6 |
---------------+-------------------+-----
Conjurations   | 2 3 |  3.9
Fire Magic     | 4 5 |  5.0
Spellcasting   | 3 |  3.1
Dodging        | |  2.0
Stealth        | |  2.6

Action                   |  1- 3 |  4- 6 || total
-------------------------+-------+-------++-------
Melee: Unarmed           |     4 |    15 ||    19
       Constrict         |     3 |     2 ||     5
       Tentacles         |     1 |     4 ||     5
 Cast: Foxfire           |    71 |   124 ||   195
  Use: Scroll            |       |     1 ||     1
 Stab: Sleeping          |     1 |       ||     1
  Eat: Chunk             |     3 |     5 ||     8
Armor: Skin              |     1 |     1 ||     2
Dodge: Dodged            |     8 |    22 ||    30
